 Dungeon Crawl Stone Soup version 0.22.0-13-g43fe8f2 (webtiles) character file.

517 Lavandula the Chopper (level 7, -2/85 HPs)
             Began as a Centaur Berserker on Aug 16, 2018.
             Was a Believer of Trog.
             Slain by an orc priest
             ... wielding a +0 war axe
              (5 damage)
             ... on level 4 of the Dungeon.
             The game lasted 00:06:22 (1398 turns).

Lavandula the Chopper (Centaur Berserker)           Turns: 1398, Time: 00:06:23

Health: -2/85      AC:  6    Str: 26    XL:     7   Next: 0%
Magic:  7/7        EV:  9    Int:  6    God:    Trog [**....]
Gold:   176        SH:  0    Dex:  9    Spells: 6/6 levels left

rFire    . . .     SeeInvis .   a - +0 hand axe
rCold    . . .     Gourm    .   (no shield)
rNeg     . . .     Faith    .   m - +0 ring mail
rPois    .         Spirit   .   (no helmet)
rElec    .         Reflect  .   (no cloak)
rCorr    .         Harm     .   p - +0 pair of gloves (curse)
MR       .....                  (no barding)
Stlth    ..........             (no amulet)
HPRegen  0.24/turn              (no ring)
MPRegen  0.10/turn              (no ring)

@: berserking, very quick
A: large, hooves 3, deformed body, speed 2, tough skin 3
a: Berserk, Trog's Hand, Renounce Religion


You were on level 4 of the Dungeon.
You worshipped Trog.
Trog was pleased with you.
You were hungry.

You visited 1 branch of the dungeon, and saw 4 of its levels.

You collected 176 gold pieces.

Inventory:

Hand Weapons
 a - a +0 hand axe (weapon)
Missiles
 d - a throwing net (quivered)
 l - 4 javelins
Armour
 b - a +0 animal skin
 m - a +0 ring mail (worn)
 p - a cursed +0 pair of gloves (worn)
Jewellery
 h - an uncursed ring of ice
Scrolls
 e - 3 scrolls of remove curse {unknown}
 f - a scroll of enchant armour {unknown}
 i - 2 scrolls of teleportation {unknown}
 k - 3 scrolls of identify {unknown}
 q - a scroll of fear {unknown}
Potions
 g - a potion of mutation {unknown}
 j - a potion of curing {unknown}
 n - a potion of berserk rage {unknown}
 o - 3 potions of flight {unknown}
Comestibles
 c - 5 rations


   Skills:
 - Level 3.0 Fighting
 + Level 7.3 Axes
 - Level 1.3 Armour
 - Level 1.3 Dodging


You had 6 spell levels left.
You didn't know any spells.
Your spell library contained the following spells:

 Spells                   Type           Power        Failure   Level  Hunger
 Confuse                  Hex            #.......     92%         3    ####...
 Confusing Touch          Hex            #.....       58%         1    ##.....
 Metabolic Englaciation   Hex/Ice        #.........   100%        5    ######.
 Petrify                  Tmut/Erth      #.......     100%        4    #####..
 Gell's Gravitas          Tloc           #.........   92%         3    ####...
 Yara's Violent Unravell  Hex/Tmut       #.........   100%        5    ######.


Dungeon Overview and Level Annotations

Branches:
Dungeon (4/15)
 Temple: D:4-7

Altars:
Gozag
Vehumet

Annotations:
D:3 Jessica


Innate Abilities, Weirdness & Mutations

You have hooves in place of feet.
Armour fits poorly on your strangely shaped body.
You cover ground very quickly.
You have extremely tough skin. (AC +3)


Message History

A red film seems to cover your vision as you go berserk!
You feel yourself moving faster!
You feel mighty!
You are feeling hungry.
The ooze barely misses you.
You hit the ogre. You kick the ogre!!
The ogre is severely wounded.
You slash the ooze!
You kill the ooze!
Trog accepts your kill. The ogre hits you with a giant club!
* * * LOW HITPOINT WARNING * * *
You slash the ogre!
You kill the ogre!
Trog accepts your kill.
You have reached level 7!
The orc priest looks satisfied for a moment.
Unknown command.
You barely miss the orc priest. Your kick misses the orc priest.
The orc priest hits you with a war axe.
You die...

....# #.# #.#..##.
....###.###......
....##..........###
.......#.#...##...#
.........O........
..<..###......###
....## #......#
...... #......#####
#####.##......oo@.#
..>.$......).#
###..........#
#..........#
#..........#
#..........#
#..........#
#..........#
#..........#


You could see an orc priest and an orc.

Vanquished Creatures
  Grinder (D:3)
  An ogre (D:4)
  A water moccasin skeleton (D:4)
  A centaur skeleton (D:4)
  An orc wizard (D:3)
  4 gnolls (D:2)
  3 adders
  An ooze (D:4)
  A worm (D:2)
  2 dart slugs
  A leopard gecko (D:2)
  7 orcs (D:3)
  2 ball pythons (D:3)
  4 giant cockroaches
  5 goblins
  5 hobgoblins
  5 jackals
  4 bats
  2 frilled lizards (D:2)
  5 kobolds
  5 rats
61 creatures vanquished.

Notes
Turn   | Place    | Note
-------+----------+-------------------------------------------
     0 | D:1      | Lavandula the Centaur Berserker began the quest for the Orb.
     0 | D:1      | Reached XP level 1. HP: 19/19 MP: 1/1
    95 | D:1      | Reached skill level 3 in Axes
   203 | D:1      | Reached XP level 2. HP: 20/26 MP: 2/2
   407 | D:2      | Found a radiant altar of Vehumet.
   530 | D:2      | Reached ** piety under Trog
   533 | D:2      | Reached skill level 4 in Axes
   533 | D:2      | Reached XP level 3. HP: 13/31 MP: 3/3
   857 | D:3      | Reached XP level 4. HP: 28/38 MP: 4/4
   945 | D:3      | Found an opulent altar of Gozag.
   988 | D:3      | Noticed Grinder
   998 | D:3      | Paralysed by Grinder for 7 turns
  1060 | D:3      | Killed Grinder
  1060 | D:3      | Reached skill level 6 in Axes
  1060 | D:3      | Reached XP level 5. HP: 45/45 MP: 5/5
  1060 | D:3      | Reached XP level 6. HP: 51/51 MP: 6/6
  1090 | D:3      | Noticed Jessica
  1392 | D:4      | Reached skill level 7 in Axes
  1395 | D:4      | HP: 3/76 [ogre/giant club (16)]
  1396 | D:4      | Reached XP level 7. HP: 3/57 MP: 7/7
  1398 | D:4      | Slain by an orc priest

Skill      XL: |  1  2  3  4  5  6 |
---------------+-------------------+-----
Axes           | 3 4 6 7 |  7.3
Fighting       | |  3.0
Armour         | |  1.3
Dodging        | |  1.3

Action                   |  1- 3 |  4- 6 |  7- 9 || total
-------------------------+-------+-------+-------++-------
Melee: Hand axe          |    98 |    62 |     1 ||   161
       Kick              |     8 |    14 |       ||    22
Invok: Berserk           |     3 |     6 |       ||     9
       Trog's Hand       |     2 |       |       ||     2
  Eat: Chunk             |     2 |     7 |       ||     9
Armor: Animal skin       |    27 |       |       ||    27
       Ring mail         |     9 |    29 |       ||    38
Dodge: Dodged            |    42 |    31 |       ||    73
